 Dungeon Crawl Stone Soup version 0.22-a0-126-g307c7c3 (webtiles) character file.

251 Amnesiac the Cutter (level 6, 0/32 HPs)
             Began as a Vine Stalker Fighter on Jan 30, 2018.
             Slain by a worm (7 damage)
             ... on level 4 of the Dungeon.
             The game lasted 00:01:56 (2218 turns).

Amnesiac the Cutter (Vine Stalker Fighter)          Turns: 2218, Time: 00:01:57

Health: 0/32       AC:  6    Str: 20    XL:     6   Next: 13%
Magic:  0/7        EV:  7    Int:  8    God:
Gold:   98         SH:  9    Dex: 14    Spells: 5/5 levels left

rFire    . . .     SeeInvis .   a - +0 rapier
rCold    . . .     Gourm    .   c - +0 shield
rNeg     . . .     Faith    .   b - +0 scale mail
rPois    .         Spirit   +   (no helmet)
rElec    .         Reflect  .   (no cloak)
rCorr    .         Harm     .   (no gloves)
MR       .....                  (no boots)
Stlth    ..........             (no amulet)
HPRegen  0.50/turn              (no ring)
MPRegen  0.10/turn              (no ring)

@: no status effects
A: fangs 2, regeneration 1, magic shield, antimagic bite, no potion heal 3, rot
immunity
a: no special abilities


You were on level 4 of the Dungeon.
You were not hungry.

You visited 1 branch of the dungeon, and saw 4 of its levels.

You collected 98 gold pieces.

Inventory:

Hand Weapons
 a - a +0 rapier (weapon)
Missiles
 r - 56 stones (quivered)
Armour
 b - a +0 scale mail (worn)
 c - a +0 shield (worn)
Wands
 s - a wand of random effects (24)
Scrolls
 e - a scroll of fog {!r, unknown}
 i - 3 scrolls of enchant weapon {!r, unknown}
 l - 2 scrolls of identify {!r, unknown}
 m - 2 scrolls of amnesia {!r, unknown}
 n - a scroll of teleportation {!r, unknown}
 o - a scroll of noise {!r, unknown}
 p - a scroll of blinking {!r, unknown}
 u - a scroll of remove curse {!r, unknown}
Potions
 d - 3 potions of might {!q}
 g - a potion of mutation {!q, unknown}
 h - a potion of heal wounds {!q, unknown}
 j - a potion of brilliance {!q, unknown}
 k - 3 potions of curing {!q}
 q - 3 potions of haste {!q, unknown}
 v - a potion of flight {!q, unknown}
 w - a potion of cancellation {!q, unknown}
Comestibles
 f - 4 rations


   Skills:
 - Level 2.6 Fighting
 + Level 5.7 Short Blades
 - Level 2.4 Armour
 - Level 2.6 Shields


You had 5 spell levels left.
You didn't know any spells.

Dungeon Overview and Level Annotations

Branches:
Dungeon (4/15)
 Temple: D:4-7

Altars:


Innate Abilities, Weirdness & Mutations

You have extremely sharp teeth.
Your natural rate of healing is unusually fast.
When hurt, damage is shared between your health and your magic reserves.
Your bite disrupts and absorbs the magic of your enemies.
Potions cannot restore your health.
You are immune to rotting.


Message History

The orc is too close now for your liking.
A hound comes into view.
The hound barks!
You block the orc's attack.
Found 14 gold pieces.
There are monsters nearby!
You closely miss the orc. You bite the orc. You drain its power.
The orc is moderately wounded.
You block the orc's attack.
There are monsters nearby!
You hit the orc.
You kill the orc!
The hound barely misses you. You block the hound's attack.
A hound is nearby!
You hit the hound.
The hound is lightly wounded.
You block the hound's attack. The hound bites you but does no damage.
A hound is nearby!
You puncture the hound! You bite the hound. You drain its power.
The hound is almost dead.
The hound bites you but does no damage.
A hound is nearby!
Your shield prevents you from hitting the hound.
The hound is almost dead.
You block the hound's attack. The hound bites you.
A hound is nearby!
You hit the hound.
You kill the hound!
You have reached level 6!
Your experience leads to an increase in your attributes!
Increase (S)trength, (I)ntelligence, or (D)exterity?
You feel stronger.
You now have 98 gold pieces (gained 14).
HP restored.
You open the door.
A worm comes into view.
Found a short sword.
An ogre comes into view. It is wielding a giant spiked club.
The ogre shouts!
There is an open door here.
There are monsters nearby!
There are monsters nearby!
There are monsters nearby!
Your shield prevents you from hitting the ogre.
You bite the ogre. You drain its power.
The ogre is lightly wounded.
You block the worm's attack.
The ogre hits you with a giant spiked club!
There are monsters nearby!
You hit the ogre. You bite the ogre! You drain its power.
You feel invigorated.
The ogre is heavily wounded.
You block the worm's attack.
The ogre hits you with a giant spiked club!
There are monsters nearby!
You hit the ogre.
The ogre is heavily wounded.
There are monsters nearby!
You closely miss the ogre. You bite the ogre. You drain its power.
You feel invigorated.
The ogre is heavily wounded.
The ogre hits you with a giant spiked club!
* * * LOW HITPOINT WARNING * * *
The worm bites you!
You die...

##########
########........###
...................
#...####........######
#...#####.....##.....#
#......##.....##.....#
#.............'.@w...#
#....#.##.....##.O...#
.....#.###+#.###.....#
...)...# #.#.# #....)#
....######.#.###.....#
.##......#.#.#.....###
. #.###....#.#.#####
#...#..#.#.#.#######
....................


You could see an ogre and a worm.

Vanquished Creatures
  Sigmund (D:3)
  A hound (D:4)
  An adder (D:2)
  An ooze (D:3)
  A dart slug (D:1)
  2 leopard geckos
  2 orcs
  3 giant cockroaches
  7 goblins
  2 hobgoblins (D:3)
  12 jackals
  5 kobolds
  3 bats (D:1)
  6 frilled lizards
  10 rats
57 creatures vanquished.

Notes
Turn   | Place    | Note
-------+----------+-------------------------------------------
     0 | D:1      | Amnesiac the Vine Stalker Fighter began the quest for the Orb.
     0 | D:1      | Reached XP level 1. HP: 11/11 MP: 2/2
    31 | D:1      | Reached skill level 2 in Short Blades
    60 | D:1      | Reached XP level 2. HP: 14/16 MP: 3/3
   368 | D:1      | Reached skill level 3 in Short Blades
   465 | D:1      | Reached XP level 3. HP: 18/19 MP: 4/4
  1485 | D:3      | Noticed Sigmund
  1497 | D:3      | Killed Sigmund
  1497 | D:3      | Reached skill level 5 in Short Blades
  1497 | D:3      | Gained mutation: Your natural rate of healing is unusually fast. [Vine Stalker growth]
  1497 | D:3      | Reached XP level 4. HP: 20/23 MP: 5/5
  1497 | D:3      | Reached XP level 5. HP: 24/27 MP: 6/6
  2192 | D:4      | Reached XP level 6. HP: 30/32 MP: 7/7
  2218 | D:4      | Slain by a worm

Vault maps used:
D:1:      dpeg_arrival_more_subterranean_lakeside_camping
D:3:      uniq_sigmund
D:4:      minmay_temple_entry_trees, serial_shops, nicolae_shop_crystal, shop,
          shop, first_ration

Skill      XL: |  1  2  3 |
---------------+----------+-----
Short Blades   | 2 3 5 |  5.7
Fighting       | |  2.6
Armour         | |  2.4
Shields        | |  2.6

Action                   |  1- 3 |  4- 6 || total
-------------------------+-------+-------++-------
Melee: Rapier            |    99 |    76 ||   175
       Bite              |    20 |    23 ||    43
  Use: Potion            |     1 |       ||     1
  Eat: Chunk             |     1 |     3 ||     4
Armor: Scale mail        |    37 |    21 ||    58
Dodge: Dodged            |    28 |    12 ||    40
Block: Shield            |    55 |    24 ||    79

Table legend:
 A = Spawn XP
 B = Non-spawn XP
 C = Spawn XP percentage of total XP
 D = Spawn monster count
 E = Non-spawn monster count
 F = Spawn count percentage of total count
 G = Total turns spent on level
                    A         B        C        D         E        F      G
               +---------+---------+-------+---------+---------+-------+---------
         Total |       0 |     359 |   0.0 |       0 |      57 |   0.0 |  2218
               +---------+---------+-------+---------+---------+-------+---------
           D:1 |       0 |      34 |   0.0 |       0 |      19 |   0.0 |   521
           D:2 |       0 |      29 |   0.0 |       0 |      12 |   0.0 |   958
           D:3 |       0 |     251 |   0.0 |       0 |      24 |   0.0 |   685
           D:4 |       0 |      45 |   0.0 |       0 |       2 |   0.0 |    54
               +---------+---------+-------+---------+---------+-------+---------
